AoeStats
← Arguin331

MegaRandom

509712391Analyzed
4v4 RM · 4d ago on Sep 27, 2026· 44m 8s· 8 players
Game mode
Random Map
Map size
Large (8 player)
Population
200
Speed
Normal
Resources
Standard
Victory
Conquest
Starting age
Dark Age
Ending age
Imperial Age
RankedLock teamsTeams togetherTeam positionsShared explorationLock speedFull tech treeHidden civsTurbo modeCheats
Victory
Defeat
🇲🇽 Turks · Mexico
899
+15
🇨🇱 Ethiopians · Chile
844
+17
🇺🇸 Varangians · United States
821
+18
🇲🇽 Khmer · Mexico
756
+20
🇬🇧 Franks · United Kingdom
887
-44
🇫🇷 Persians · France
879
-18
🇫🇷 Chinese · France
869
-18
🇵🇱 Khmer · Poland
819
-16
Kanis
15:55 Feudal Age
16:21 Man-at-Arms
16:51 Double-Bit Axe
17:27 Horse Collar
18:22 Town Watch
18:24 Loom
25:34 Castle Age
26:28 Squires
25:51 Long Swordsman
27:09 Bow Saw
26:24 Crossbowman
27:37 Thumb Ring
29:11 Town Patrol
29:46 Wheelbarrow
31:55 Wheelbarrow
36:17 Hand Cart
38:56 Elite Skirmisher
41:32 Elite Skirmisher
El Tlatoani
6:17 Loom
16:11 Feudal Age
20:44 Double-Bit Axe
24:40 Bloodlines
26:37 Castle Age
25:44 Man-at-Arms
27:40 Husbandry
29:43 Fishing Lines
31:28 Fletching
35:52 Imperial Age
33:58 Wheelbarrow
38:07 Gillnets
42:20 Bow Saw
42:26 Hand Cart
44:44 Conscription
easymac777
13:27 Loom
15:53 Feudal Age
17:23 Horse Collar
17:35 Double-Bit Axe
24:11 Castle Age
23:04 Fletching
23:40 Padded Archer Armor
24:16 Gold Mining
24:46 Crossbowman
29:12 Bodkin Arrow
29:28 Forging
32:06 Wheelbarrow
32:00 Ballistics
33:09 Leather Archer Armor
46:19 Imperial Age
soytupadreelgabo
14:44 Feudal Age
15:14 Double-Bit Axe
15:13 Horse Collar
21:59 Gold Mining
26:08 Castle Age
27:03 Light Cavalry
42:37 Gold Shaft Mining
Ikomeinpeas
4:42 Loom
16:26 Feudal Age
17:58 Man-at-Arms
18:29 Arson
22:37 Wheelbarrow
22:12 Gold Mining
Arguin331
3:43 Loom
15:39 Feudal Age
16:57 Double-Bit Axe
16:55 Horse Collar
21:05 Man-at-Arms
22:14 Scale Mail Armor
24:17 Wheelbarrow
25:20 Forging
31:24 Castle Age
29:45 Padded Archer Armor
29:35 Fletching
31:40 Pikeman
34:07 Hand Cart
34:17 Heavy Plow
Angelique
7:58 Loom
14:22 Feudal Age
23:20 Castle Age
23:57 Horse Collar
27:08 Heavy Plow
31:11 Ballistics
39:31 Imperial Age
39:32 Elite Ballista Elephant
40:33 Conscription
41:45 Double Crossbow
43:14 Chemistry
42:22 Pikeman
zebav
3:30 Loom
16:39 Feudal Age
17:10 Double-Bit Axe
19:16 Horse Collar
25:40 Castle Age
27:02 Husbandry
28:07 Stone Mining
29:31 Scale Barding Armor
31:24 Forging
33:03 Iron Casting
Connection lost

Rejoining the realm…

Still unreachable

The connection could not be restored.

Session expired

The server has moved on; the page needs a fresh start.